[ AOE2 MATCH · #480577968 ]
1v1 RMFranks vs Wei
Player's team · WIN
Rival team · LOSS
[ REPLAY ANALYSIS · EXTRACTED FROM THE RECORDED GAME ]
Feudal
—
Castle
—
Imperial
—
| APM avg | 44.2 |
| APM peak | 59 |
| eAPM avg | 19.6 |
| Villagers / military | 12 / 0 |
Focus
⚔️ 35.4% · 🌾 64.6%
Feudal
—
Castle
—
Imperial
—
| APM avg | 41.0 |
| APM peak | 68 |
| eAPM avg | 8.2 |
| Villagers / military | 11 / 0 |
Focus
⚔️ 0.0% · 🌾 100.0%
Match map
Resources at game start + every placement click. Thick line = wall · dashed box = detected house wall. 🟡 gold · ⚪ stone · 🟢 berries · 🔶 boar · ⭕ relic
Inputs per minute
— Grabyzz (Shady) - - Genericcactus
Build order — Grabyzz (Shady)
15 actions detected in the replay
| 0:01 | Create | Villager (Male) |
| 0:01 | Create | Villager (Male) |
| 0:01 | Create | Villager (Male) |
| 0:03 | Build | House |
| 0:04 | Build | House |
| 0:20 | Create | Villager (Male) |
| 1:18 | Create | Villager (Male) |
| 1:46 | Build | Lumber Camp |
| 1:57 | Create | Villager (Male) |
| 2:25 | Create | Villager (Male) |
| 2:26 | Create | Villager (Male) |
| 2:40 | Create | Villager (Male) |
| 3:18 | Create | Villager (Male) |
| 3:47 | Create | Villager (Male) |
| 4:17 | Create | Villager (Male) |
Build order — Genericcactus
14 actions detected in the replay
| 0:01 | Create | Villager (Male) |
| 0:03 | Build | House |
| 0:09 | Build | House |
| 0:09 | Create | Villager (Male) |
| 0:17 | Create | Villager (Male) |
| 0:39 | Create | Villager (Male) |
| 1:59 | Build | Lumber Camp |
| 2:07 | Create | Villager (Male) |
| 2:47 | Create | Villager (Male) |
| 2:47 | Create | Villager (Male) |
| 3:13 | Create | Villager (Male) |
| 3:41 | Create | Villager (Male) |
| 3:41 | Create | Villager (Male) |
| 3:42 | Create | Villager (Male) |
Match timeline
| 4:23 | Genericcactus · resign |
[ AI ANALYSIS · 1 CREDIT ]
What really happened in this match?
Wolo.gg analyzes every decision: build order, eco, micro, common mistakes by bracket. Personalized analysis on WhatsApp or Discord in 30 seconds.
Civ guide
Franks
Map guide
Arabia
Perfil
Jugador #2459405